 Dungeon Crawl Stone Soup version 0.32-a0-791-gfc315c9ecd (webtiles) character file.

Game seed: 3200774763040525972

22 hikkokomori the Chopper (level 2, -2/27 HPs)
             Began as a Mountain Dwarf Cinder Acolyte on Mar 20, 2024.
             Was a High Priest of Ignis.
             Slain by a jackal (3 damage)
             ... on level 2 of the Dungeon.
             The game lasted 00:02:07 (1172 turns).

hikkokomori the Chopper (MDCA)                      Turns: 1172, Time: 00:02:08

Health: -2/27      AC:  2    Str: 16    XL:     2   Next: 68%
Magic:  3/3        EV: 10    Int: 14    God:    Ignis [*****.]
Gold:   82         SH:  0    Dex:  5    Spells: 3/3 levels left

rFire   + . .        a - -1 hand axe (flame)
rCold   . . .        (no shield)
rNeg    . . .        b - +0 robe
rPois   .            (no helmet)
rElec   .            (no cloak)
rCorr   .            (no gloves)
SInv    .            (no boots)
Will    .....        (no amulet)
Stlth   +            (no ring)
HPRegen 0.24/turn    (no ring)
MPRegen 0.08/turn

%: no passive effects
@: brilliant
A: runic magic, artefact enchanting
a: Renounce Religion, Fiery Armour, Foxfire Swarm, Rising Flame


You were on level 2 of the Dungeon.
You worshipped Ignis.
Ignis was extremely pleased with you.
You visited 1 branch of the dungeon, and saw 2 of its levels.

You collected 82 gold pieces.

Inventory:

Hand Weapons
 a - a -1 hand axe of flaming (weapon)
Armour
 b - a +0 robe (worn)
Jewellery
 d - a ring of ice
Scrolls
 c - a scroll of teleportation {unknown}
 e - a scroll of immolation
 g - a scroll of fear {unknown}


   Skills:
 + Level 3.8 Fighting
 + Level 4.1 Axes
 - Level 1.0 Spellcasting
 - Level 4.0 Fire Magic


You had 3 spell levels left.
You didn't know any spells.
Your spell library contained the following spells:

 Spells                   Type           Power      Damage    Failure   Level
 Scorch                   Fire           34%        2d6       8%          2


Dungeon Overview and Level Annotations

Branches:
Dungeon (2/15)

Altars:


Innate Abilities, Weirdness & Mutations

Your spellcasting is much less encumbered by armour.
You can use scrolls of enchantment on lesser artefacts.


Message History

You hit the jackal but do no damage.
The jackal is severely wounded.
You closely miss the hobgoblin. The jackal bites you.
The hobgoblin hits you but does no damage.
You closely miss the jackal.
The jackal is severely wounded.
You hit the ribbon worm. You burn the ribbon worm. You hit the hobgoblin.
You burn the hobgoblin.
You kill the hobgoblin!
The jackal barely misses you.
The jackal bites you but does no damage.
The ribbon worm barely misses you. The jackal barely misses you.
You hit the ribbon worm. You burn the ribbon worm.
The ribbon worm is heavily wounded.
You barely miss the jackal. The jackal bites you. The ribbon worm bites you.
* * * LOW HITPOINT WARNING * * *
The jackal bites you.
* * * LOW HITPOINT WARNING * * *
You barely miss the ribbon worm.
The ribbon worm is heavily wounded.
You hit the jackal but do no damage. The jackal barely misses you.
The ribbon worm bites you but does no damage.
It was a potion of brilliance.
You feel clever all of a sudden.
The jackal bites you but does no damage.
The ribbon worm bites you.
* * * LOW HITPOINT WARNING * * *
The jackal misses you.
You slash the ribbon worm! You burn the ribbon worm.
The ribbon worm is almost dead.
You barely miss the jackal. The jackal barely misses you.
The ribbon worm bites you.
* * * LOW HITPOINT WARNING * * *
You hit the ribbon worm. You burn the ribbon worm.
You kill the ribbon worm!
You closely miss the jackal. The jackal closely misses you.
The jackal bites you.
You die...
Ignis goes out, and joins you in death.

.. #... .# #...
.....#### .
.#.....### ...
.........
.#..###..#..#
......†h†...####
.......<@......#
...?..##.#.###.#
....# #.# # .#.
#.. #.## #.# #.#
#.#


You could see a jackal.

Vanquished Creatures
  A dart slug (D:1)
  A ribbon worm (D:2)
  2 ball pythons (D:1)
  An endoplasm (D:1)
  A giant cockroach (D:1)
  3 hobgoblins
  2 jackals
  3 kobolds (D:1)
  4 bats (D:1)
  A frilled lizard (D:1)
  A goblin (D:1)
  A rat (D:2)
21 creatures vanquished.

Notes
Turn   | Place    | Note
-------+----------+-------------------------------------------
     0 | D:1      | hikkokomori the Mountain Dwarf Cinder Acolyte began the
                  | quest for the Orb.
     0 | D:1      | Reached XP level 1. HP: 19/19 MP: 2/2
   277 | D:1      | Found a faded altar of an unknown god.
   358 | D:1      | Reached XP level 2. HP: 26/26 MP: 3/3
  1171 | D:2      | HP: 1/27 [ribbon worm (3)]
  1172 | D:2      | Slain by a jackal

Illustrated notes

Levels and vault maps discovered:
D:1:      minmay_arrival_arboretum_small, layout_loops_corners,
          hellmonk_ecumenical_altar_leap_of_faith, st_stairs_2
D:2:      layout_basic, serial_shops, shop, hex_intersection

Skill      XL: |  1  2 |
---------------+-------+-----
Axes           | 4 |  4.1
Fire Magic     | 4 |  4.0
Fighting       | |  3.8
Spellcasting   | |  1.0

Action                     || total
---------------------------++-------
  Melee: Hand axe          ||    84
    Use: Scroll            ||     1
         Potion            ||     1
 Armour: Robe              ||    75
  Dodge: Dodged            ||    73

Table legend: (Time is in decaauts)
 A = Elapsed time spent in this place.
 B = Non-inter-level travel time spent in this place.
 C = Inter-level travel time spent in this place.
 D = Time resting spent in this place.
 E = Time spent auto-exploring this place.
 F = Levels seen in this place.
 G = Mean time per level.
                   A        B        C        D        E       F      G
               +--------+--------+--------+--------+--------+-----+--------+
         Total |   1183 |   1172 |     11 |    208 |    778 |   2 |  591.5 |
       Dungeon |   1183 |   1172 |     11 |    208 |    778 |   2 |  591.5 |
               +--------+--------+--------+--------+--------+-----+--------+

Top non-repeatable levels by time:
     D:1: 1163 daAuts
     D:2: 19 daAuts
